 Dungeon Crawl Stone Soup version 0.16.1-30-g34a7ffa (webtiles) character file.

16 RepoMan the Magician (level 2, 0/20 HPs)
             Began as a Ghoul Wizard on June 23, 2015.
             Slain by an adder (2 damage)
             ... on level 1 of the Dungeon.
             The game lasted 00:07:20 (1138 turns).

RepoMan the Magician (Ghoul Wizard)                 Turns: 1138, Time: 00:07:20

Health: 0/20       AC:  3    Str: 10    XL:     2   Next: 58%
Magic:  0/6        EV: 11    Int: 13    God:
Gold:   64         SH:  0    Dex:  7    Spells: 3 memorised, 2 levels left

rFire  . . .     SeeInvis .     (no weapon)
rCold  + . .     Clarity  .     a - +0 robe
rNeg   + + +     SustAb   .     (no shield)
rPois  ∞         Gourm    .     h - +0 helmet
rElec  .         Spirit   .     (no cloak)
rCorr  .         Warding  .     (no gloves)
rMut   .         Stasis   .     (no boots)
MR     .....                    (no amulet)
Stlth  ++........               (no ring)
                                (no ring)

@: very slightly contaminated, rotting, not resistant to hostile enchantments,
unstealthy
A: rotting body, claws 1, carnivore 3, cold resistance 1, negative energy
resistance 3, poison resistance, slow healing 1, torment resistance, unbreathing
a: no special abilities


You were on level 1 of the Dungeon.
You were not hungry.

You visited 1 branch of the dungeon, and saw 1 of its levels.

You collected 64 gold pieces.

Inventory:

Armour
 a - a +0 robe (worn)
 h - a +0 helmet (worn)
Jewellery
 m - an uncursed amulet of guardian spirit
Scrolls
 d - a scroll of blinking {unknown}
 e - a scroll of fear {unknown}
 g - a scroll of identify {unknown}
 j - a scroll of teleportation {unknown}
 k - a scroll of noise {unknown}
Potions
 l - a potion of might {unknown}
 q - a potion of restore abilities {unknown}
Books
 c - a book of Minor Magic

   Spells                             Type                      Level
   a - Magic Dart                     Conjuration                  1
   b - Blink                          Translocation                2
   c - Call Imp                       Summoning                    2
   d - Repel Missiles                 Charms/Air                   2
   e - Slow                           Hexes                        2
   f - Conjure Flame                  Conjuration/Fire             3
   g - Mephitic Cloud                 Conjuration/Poison/Air       3
Comestibles
 i - a beef jerky
 n - a royal jelly
 o - a meat ration
 p - 5 chunks of flesh


   Skills:
 - Level 1.7 Dodging
 - Level 2.1 Stealth
 + Level 3.0 Spellcasting
 + Level 1.5 Conjurations
 - Level 0.8 Summonings
 - Level 0.8 Translocations


You had 2 spell levels left.
You knew the following spells:

 Your Spells              Type           Power        Failure   Level  Hunger
a - Magic Dart            Conj           #...         14%         1    #......
b - Blink                 Tloc           N/A          24%         2    ###....
c - Call Imp              Summ           #.......     24%         2    ###....


Dungeon Overview and Level Annotations

Branches:
Dungeon (1/15)

Altars:
Xom


Innate Abilities, Weirdness & Mutations

Your body is rotting away.
You thrive on raw meat.
You have sharp fingernails.
You are carnivorous and can eat meat at any time.
Your flesh is cold resistant.
You are immune to negative energy.
Your system is resistant to poisons.
You heal slowly when monsters are visible.
You are immune to unholy pain and torment.
You can survive without breathing.


Message History

You miss the adder.
The adder is severely wounded.
The kobold barely misses your shadow imp.
The adder barely misses you.
Your shadow imp misses the kobold.
You miss the adder.
The adder is severely wounded.
The adder bites you.
* * * LOW HITPOINT WARNING * * *
The kobold barely misses your shadow imp.
Your shadow imp barely misses the kobold.
Casting: Magic Dart
Confirm with . or Enter, or press ? or * to list all spells.
Aiming: Magic Dart
Press: ? - help, Shift-Dir - straight line, f/p - adder
Aim: an adder (severely wounded)
You miscast Magic Dart.
Nothing appears to happen.
The adder bites you.
* * * LOW HITPOINT WARNING * * *
The kobold hits your shadow imp with a short sword.
The adder bites you.
You die...

#..........# ####.##.#
#..........# ##.......#
#..........#####.....####
#.............##(.......#
####..........##.##.###.##.#
..................>.#.#.#..#
##############.######...####
######## #K############
.......# #5S@....#....#
.......# #######.#.##.#
.......# #.#.##.# .......#
#.#.##.# .......# #.#.##.#
.......# ###### #.#.##.#
.......# #....# #.#..#.#
.......# #....######.#.##.#
######## #.........#......#


You could see an adder, a kobold and a friendly shadow imp.

Vanquished Creatures
  4 bats (D:1)
  2 giant cockroaches (D:1)
  2 goblins (D:1)
  A hobgoblin (D:1)
  4 kobolds (D:1)
  A giant gecko (D:1)
  A rat (D:1)
15 creatures vanquished.

Notes
Turn   | Place    | Note
--------------------------------------------------------------
     0 | D:1      | RepoMan, the Ghoul Wizard, began the quest for the Orb.
     0 | D:1      | Reached XP level 1. HP: 14/14 MP: 3/3
   131 | D:1      | Reached skill level 1 in Conjurations
   247 | D:1      | Found a shimmering altar of Xom.
   441 | D:1      | Reached XP level 2. HP: 18/20 MP: 0/5
   957 | D:1      | Reached skill level 3 in Spellcasting
   985 | D:1      | Learned a level 2 spell: Blink
   988 | D:1      | Learned a level 2 spell: Call Imp
  1138 | D:1      | Slain by an adder

Action                   || total
-------------------------++-------
Melee: Unarmed           ||    26
 Cast: Magic Dart        ||    35
       Call Imp          ||     1
  Eat: Chunk             ||     5
